[ AOE2 MATCH · #494112854 ]
UnrankedCumans vs Saracens
Player's team · LOSS
[ REPLAY ANALYSIS · EXTRACTED FROM THE RECORDED GAME ]
Feudal
8:58
Castle
—
Imperial
—
| APM avg | 38.9 |
| APM peak | 91 |
| eAPM avg | 16.9 |
| Villagers / military | 45 / 9 |
Focus
⚔️ 27.2% · 🌾 72.8%
Skirmisher ×6 · Scout Cavalry ×2 · Archer ×1
Feudal
9:06
Castle
—
Imperial
—
| APM avg | 51.9 |
| APM peak | 69 |
| eAPM avg | 27.1 |
| Villagers / military | 48 / 16 |
Focus
⚔️ 39.8% · 🌾 60.2%
Militia ×13 · Spearman ×3
Match map
Initial resources + every placement click. Lines = walls · curves = elevation contours. ◆ gold · ⬟ stone · ● berries · ✦ relic · ◌ wall gap
Your base· Open — unwalled flank
NPG-Dastinx9999 T.TV's base· Open — unwalled flank
Smoothed initial terrain · ◌ = detected wall gap · hover for details
Inputs per minute
— Yoshi_AoE - - NPG-Dastinx9999 T.TV
Build order — Yoshi_AoE
107 actions detected in the replay
| 0:00 | Queue | Villager (Male) |
| 0:01 | Queue | Villager (Male) |
| 0:01 | Queue | Villager (Male) |
| 0:01 | Queue | Villager (Male) |
| 0:02 | Build | House |
| 0:04 | Build | House |
| 1:39 | Queue | Villager (Male) |
| 1:48 | Build | Lumber Camp |
| 2:06 | Queue | Villager (Male) |
| 2:25 | Queue | Villager (Male) |
| 2:46 | Queue | Villager (Male) |
| 3:05 | Queue | Villager (Male) |
| 3:25 | Build | House |
| 3:40 | Queue | Villager (Male) |
| 3:56 | Queue | Villager (Male) |
| 4:15 | Build | Mill |
| 4:22 | Queue | Villager (Male) |
| 4:40 | Queue | Villager (Male) |
| 5:13 | Queue | Villager (Male) |
| 5:43 | Queue | Villager (Male) |
| 6:01 | Queue | Villager (Male) |
| 6:13 | Research | Loom |
| 6:48 | Research | Feudal Age |
| 7:06 | Build | Barracks |
| 7:07 | Build | House |
| 7:27 | Queue | Villager (Male) |
| 8:05 | Queue | Villager (Male) |
| 8:38 | Build | Palisade Wall |
| 8:58 | Age | Feudal Age |
| 9:00 | Build | Stable |
| 9:04 | Research | Double-Bit Axe |
| 9:14 | Queue | Villager (Male) |
| 9:29 | Build | House |
| 9:53 | Build | Palisade Wall |
| 9:54 | Queue | Scout Cavalry |
| 9:55 | Queue | Scout Cavalry |
| 9:58 | Build | Archery Range |
| 10:00 | Queue | Villager (Male) |
| 10:04 | Build | Palisade Wall |
| 10:39 | Queue | Villager (Male) |
| 10:54 | Build | Town Center |
| 10:57 | Build | Palisade Wall |
| 10:59 | Build | Palisade Wall |
| 11:01 | Build | Palisade Wall |
| 11:08 | Queue | Villager (Male) |
| 11:22 | Queue | Skirmisher |
| 11:26 | Build | House |
| 11:45 | Build | Farm |
| 11:47 | Build | Farm |
| 11:49 | Build | Farm |
| 11:53 | Build | Farm |
| 11:57 | Queue | Archer |
| 12:01 | Build | Palisade Wall |
| 12:39 | Queue | Villager (Male) |
| 12:39 | Queue | Villager (Male) |
| 12:43 | Queue | Skirmisher |
| 12:47 | Build | House |
| 13:10 | Queue | Skirmisher |
| 13:16 | Queue | Villager (Male) |
| 13:18 | Build | Farm |
| 13:28 | Build | Lumber Camp |
| 13:41 | Queue | Villager (Male) |
| 13:49 | Queue | Skirmisher |
| 13:56 | Queue | Villager (Male) |
| 14:36 | Build | Farm |
| 14:40 | Queue | Villager (Male) |
| 14:46 | Queue | Villager (Male) |
| 14:58 | Queue | Villager (Male) |
| 15:01 | Build | Farm |
| 15:07 | Queue | Villager (Male) |
| 15:22 | Build | Mining Camp |
| 15:36 | Queue | Villager (Male) |
| 15:54 | Build | Watch Tower |
| 16:16 | Build | Farm |
| 16:17 | Queue | Villager (Male) |
| 16:19 | Queue | Villager (Male) |
| 16:32 | Queue | Skirmisher |
| 16:36 | Build | House |
| 16:46 | Queue | Villager (Male) |
| 16:53 | Queue | Skirmisher |
| 16:57 | Build | Farm |
| 16:59 | Build | Farm |
| 17:06 | Build | Farm |
| 17:30 | Build | Blacksmith |
| 17:37 | Build | Farm |
| 17:58 | Queue | Villager (Male) |
| 18:01 | Queue | Villager (Male) |
| 18:10 | Build | House |
| 18:21 | Build | Farm |
| 18:34 | Build | Market |
| 18:39 | Queue | Villager (Male) |
| 18:52 | Queue | Villager (Male) |
| 18:57 | Build | Farm |
| 19:02 | Build | House |
| 19:05 | Build | House |
| 19:06 | Queue | Villager (Male) |
| 19:19 | Build | House |
| 19:20 | Build | House |
| 19:22 | Queue | Villager (Male) |
| 19:33 | Build | Farm |
| 19:37 | Queue | Villager (Male) |
| 19:39 | Build | House |
| 19:47 | Queue | Villager (Male) |
| 19:52 | Build | House |
| 19:55 | Build | House |
| 20:29 | Queue | Villager (Male) |
| 20:30 | Queue | Villager (Male) |
Build order — NPG-Dastinx9999 T.TV
115 actions detected in the replay
| 0:01 | Queue | Villager (Male) |
| 0:01 | Queue | Villager (Male) |
| 0:01 | Queue | Villager (Male) |
| 0:02 | Queue | Villager (Male) |
| 0:03 | Build | House |
| 0:04 | Build | House |
| 1:37 | Queue | Villager (Male) |
| 1:37 | Queue | Villager (Male) |
| 1:59 | Queue | Villager (Male) |
| 1:59 | Queue | Villager (Male) |
| 2:26 | Queue | Villager (Male) |
| 2:42 | Build | Lumber Camp |
| 2:51 | Queue | Villager (Male) |
| 2:51 | Queue | Villager (Male) |
| 3:13 | Queue | Villager (Male) |
| 3:13 | Queue | Villager (Male) |
| 3:13 | Queue | Villager (Male) |
| 3:27 | Build | House |
| 3:48 | Queue | Villager (Male) |
| 3:49 | Queue | Villager (Male) |
| 4:14 | Queue | Villager (Male) |
| 4:15 | Queue | Villager (Male) |
| 4:53 | Queue | Villager (Male) |
| 4:54 | Queue | Villager (Male) |
| 5:10 | Queue | Villager (Male) |
| 6:03 | Build | Barracks |
| 6:09 | Research | Loom |
| 6:48 | Build | House |
| 6:56 | Research | Feudal Age |
| 7:30 | Queue | Militia |
| 7:31 | Queue | Militia |
| 7:51 | Build | Mill |
| 7:57 | Queue | Militia |
| 7:57 | Queue | Militia |
| 8:27 | Queue | Militia |
| 8:50 | Queue | Villager (Male) |
| 9:06 | Age | Feudal Age |
| 9:10 | Research | Man-at-Arms (upgrade) |
| 9:12 | Queue | Villager (Male) |
| 9:14 | Build | Palisade Gate |
| 9:28 | Build | Mill |
| 9:33 | Queue | Villager (Male) |
| 9:59 | Build | Farm |
| 10:31 | Queue | Villager (Male) |
| 10:35 | Build | Farm |
| 10:41 | Build | House |
| 10:49 | Queue | Militia |
| 10:49 | Queue | Militia |
| 10:52 | Queue | Villager (Male) |
| 10:52 | Queue | Villager (Male) |
| 10:53 | Queue | Villager (Male) |
| 10:57 | Build | House |
| 11:04 | Research | Double-Bit Axe |
| 11:04 | Research | Double-Bit Axe |
| 11:27 | Build | Watch Tower |
| 11:56 | Queue | Villager (Male) |
| 12:03 | Build | Mining Camp |
| 12:06 | Queue | Militia |
| 12:06 | Queue | Militia |
| 12:27 | Queue | Villager (Male) |
| 12:30 | Build | Farm |
| 12:36 | Build | House |
| 12:37 | Build | House |
| 13:20 | Queue | Villager (Male) |
| 13:21 | Queue | Villager (Male) |
| 13:45 | Queue | Spearman |
| 13:59 | Build | Watch Tower |
| 14:04 | Build | House |
| 14:18 | Build | Farm |
| 14:19 | Queue | Villager (Male) |
| 14:21 | Queue | Spearman |
| 14:21 | Queue | Spearman |
| 14:24 | Build | Farm |
| 14:39 | Build | Palisade Wall |
| 14:41 | Build | Palisade Wall |
| 14:49 | Queue | Villager (Male) |
| 14:50 | Queue | Villager (Male) |
| 15:04 | Build | Palisade Wall |
| 15:06 | Build | Palisade Wall |
| 15:07 | Build | Palisade Wall |
| 15:08 | Build | Palisade Wall |
| 15:14 | Build | Palisade Wall |
| 15:17 | Queue | Villager (Male) |
| 15:24 | Build | Farm |
| 15:27 | Build | Farm |
| 15:33 | Build | Watch Tower |
| 15:43 | Queue | Villager (Male) |
| 15:49 | Queue | Militia |
| 16:09 | Build | House |
| 16:39 | Queue | Villager (Male) |
| 16:48 | Build | Market |
| 16:50 | Queue | Villager (Male) |
| 16:52 | Build | Mining Camp |
| 17:08 | Research | Arson |
| 17:13 | Build | Farm |
| 17:14 | Queue | Villager (Male) |
| 17:36 | Queue | Villager (Male) |
| 17:40 | Build | Farm |
| 17:43 | Build | House |
| 18:05 | Build | Watch Tower |
| 18:23 | Queue | Villager (Male) |
| 18:31 | Build | Blacksmith |
| 18:38 | Queue | Villager (Male) |
| 18:42 | Build | Mill |
| 18:50 | Queue | Villager (Male) |
| 19:15 | Build | Watch Tower |
| 19:21 | Research | Fletching |
| 19:24 | Build | Farm |
| 19:26 | Queue | Villager (Male) |
| 19:26 | Queue | Villager (Male) |
| 19:27 | Queue | Villager (Male) |
| 19:48 | Queue | Militia |
| 20:07 | Queue | Villager (Male) |
| 20:38 | Queue | Militia |
| 20:38 | Queue | Militia |
Match timeline
| 6:03 | NPG-Dastinx9999 T.TV · first_building Barracks |
| 7:06 | Yoshi_AoE · first_building Barracks |
| 8:38 | Yoshi_AoE · wall_segment Palisade Wall x1 |
| 8:58 | Yoshi_AoE · age_up feudal |
| 9:00 | Yoshi_AoE · first_building Stable |
| 9:06 | NPG-Dastinx9999 T.TV · age_up feudal |
| 9:53 | Yoshi_AoE · wall_segment Palisade Wall x6 |
| 9:58 | Yoshi_AoE · first_building Archery Range |
| 10:04 | Yoshi_AoE · wall_segment Palisade Wall x4 |
| 10:57 | Yoshi_AoE · wall_segment Palisade Wall x1 |
| 10:59 | Yoshi_AoE · wall_segment Palisade Wall x1 |
| 11:01 | Yoshi_AoE · wall_segment Palisade Wall x1 |
| 12:01 | Yoshi_AoE · wall_segment Palisade Wall x6 |
| 14:39 | NPG-Dastinx9999 T.TV · wall_segment Palisade Wall x1 |
| 14:41 | NPG-Dastinx9999 T.TV · wall_segment Palisade Wall x1 |
| 15:04 | NPG-Dastinx9999 T.TV · wall_segment Palisade Wall x2 |
| 15:06 | NPG-Dastinx9999 T.TV · wall_segment Palisade Wall x1 |
| 15:07 | NPG-Dastinx9999 T.TV · wall_segment Palisade Wall x1 |
| 15:08 | NPG-Dastinx9999 T.TV · wall_segment Palisade Wall x1 |
| 15:14 | NPG-Dastinx9999 T.TV · wall_segment Palisade Wall x1 |
| 18:28 | NPG-Dastinx9999 T.TV · first_market_buy 100 wood |
| 20:41 | Yoshi_AoE · resign |
[ AI ANALYSIS · 1 CREDIT ]
What really happened in this match?
Wolo.gg analyzes every decision: build order, eco, micro, common mistakes by bracket. Personalized analysis on WhatsApp or Discord in 30 seconds.
Civ guide
Cumans
Perfil
Jugador #8136681